 Dungeon Crawl Stone Soup version 0.31-a0-365-gcf821cafb2 (webtiles) character file.

Game seed: 11465131418772269681

5432 dr0g0th the Carver (level 10, -5/88 HPs)
             Began as a Minotaur Fighter on July 27, 2023.
             Was a Priest of Okawaru.
             Slain by a cyan ugly thing (17 damage)
             ... on level 9 of the Dungeon.
             The game lasted 00:11:49 (8766 turns).

dr0g0th the Carver (Minotaur Fighter)               Turns: 8766, Time: 00:11:52

Health: -5/88      AC: 13    Str: 22 (23) XL:     10   Next: 41%
Magic:  7/9        EV: 17    Int:  4      God:    Okawaru [***...]
Gold:   432        SH:  7    Dex: 14 (15) Spells: 9/9 levels left

rFire   . . .        a - +0 long sword (venom)
rCold   . . .        c - +0 buckler
rNeg    . . .        y - +0 acid dragon scales
rPois   .            (helmet restricted)
rElec   .            k - +0 cloak
rCorr   +            (no gloves)
SInv    .            m - +0 pair of boots
Will    .....        (no amulet)
Stlth   +++          (no ring)
HPRegen 0.34/turn    (no ring)
MPRegen 0.11/turn

%: no passive effects
@: brilliant, weak-willed, heroic, studying Dodging
A: horns 2, retaliatory headbutt, agile 1, deterioration 1
a: Renounce Religion, Heroism


You were on level 9 of the Dungeon.
You worshipped Okawaru.
Okawaru was most pleased with you.
You visited 2 branches of the dungeon, and saw 10 of its levels.

You collected 432 gold pieces.

Inventory:

Hand Weapons
 a - a +0 long sword of venom (weapon)
Armour
 c - a +0 buckler (worn)
 k - a +0 cloak (worn)
 m - a +0 pair of boots (worn)
 q - the +0 helmet "Kif Xeo" {rF- rN++ rCorr SInv}
   (You found it on level 7 of the Dungeon)

   rF:        It makes you vulnerable to fire.
   rN:        It greatly protects you from negative energy.
   SInv:      It lets you see invisible.
   rCorr:     It protects you from acid and corrosion.
 y - +0 acid dragon scales (worn)
Jewellery
 i - a ring of wizardry
 p - an amulet of the acrobat
 v - an amulet of magic regeneration
 x - a ring of protection from fire
Wands
 w - a wand of iceblast (7)
 A - a wand of flame (11)
Scrolls
 b - a scroll of silence
 h - a scroll of torment
 j - 4 scrolls of fear
 n - a scroll of enchant armour {unknown}
 o - a scroll of immolation {unknown}
 s - a scroll of identify
 u - a scroll of teleportation {unknown}
 z - a scroll of brand weapon
Potions
 d - 2 potions of brilliance
 e - 2 potions of curing
 f - a potion of enlightenment
 g - a potion of haste {unknown}
 l - a potion of heal wounds {unknown}
 r - a potion of cancellation {unknown}


   Skills:
 + Level 8.3(13.3) Fighting
 + Level 12.0(17.0) Long Blades
 + Level 9.8(14.8) Armour
 + Level 7.0(12.0) Dodging
 + Level 1.4(6.4) Stealth
 + Level 6.9(11.9) Shields


You had 9 spell levels left.
You didn't know any spells.
Your spell library contained the following spells:

 Spells                   Type           Power      Damage    Failure   Level
 Apportation              Tloc           0%         N/A       58%         1
 Necrotise                Necr           0%         1d4       58%         1
 Summon Small Mammal      Summ           Unusable   N/A       N/A         1

Dungeon Overview and Level Annotations

Branches:
Dungeon (9/15)             Temple (1/1) D:5            Lair (0/5) D:8
    Orc: D:9-12

Altars:
Ashenzari
Cheibriados
Dithmenos
Elyvilon
Gozag
Hepliaklqana
Kikubaaqudgha
Makhleb
Nemelex Xobeh
Okawaru
Qazlal
Ru
Trog
Uskayaw
Vehumet
Wu Jian
Xom
Yredelemnul
Zin
The Shining One

Shops:
D:4 (:=   D:5 :


Innate Abilities, Weirdness & Mutations

You have a pair of horns on your head.
You reflexively headbutt those who attack you in melee.
You are agile. (Dex +4, Str/Int -1)
Your body sometimes deteriorates upon taking damage.


Message History

The boulder beetle is lightly wounded.
The boulder beetle barely misses you. You furiously retaliate!
You headbutt the boulder beetle.
You hit the boulder beetle but do no damage.
The boulder beetle looks as sick as possible!
The boulder beetle is moderately wounded.
The boulder beetle bites you!
You hit the boulder beetle.
The boulder beetle looks as sick as possible!
The boulder beetle is moderately wounded.
You hit the boulder beetle.
The boulder beetle looks as sick as possible!
The boulder beetle is heavily wounded.
The boulder beetle bites you!
You are too injured to fight recklessly!
You feel better. The boulder beetle bites you!
A cyan ugly thing comes into view.
It was a potion of brilliance.
You feel clever all of a sudden.
The cyan ugly thing gurgles horribly!
The boulder beetle leaps!
Okawaru is honoured by your kill.
You feel a bit more experienced.
Your Long Blades skill increases to level 12!
Your Dodging skill increases to level 7!
A shadow comes into view.
There is an open door here.
Okay, then.
You gain the combat prowess of a mighty hero.
The cyan ugly thing pecks you!
Your body deteriorates!
You feel weakened. The cyan ugly thing shocks you!
* * * LOW HITPOINT WARNING * * *
As you read the scroll labelled YTHALAT VIEDWUC, it crumbles to dust.
Magic quickly surges around you.
It was a scroll of vulnerability.
The cyan ugly thing pecks you!
* * * LOW HITPOINT WARNING * * *
Your body deteriorates!
You feel clumsy. The cyan ugly thing shocks you!
You die...

#....8....# ##..#######
#.........# #..........
##.......## #.)).......
#.#._.#.# #####'#####..
#.......###.###..#####+
##########...#.........
#...#.........
#...#.....##.#
######.@##...#####
#....#.u##..###?[ #.
#.....#..###..## .u.
#.....#..##.... ....
...#...[†'..#....##....B
...'....†#.##_8......<..
#..######..#W##....##
#'#######..#.##.....#
#...........W.#..u.##


You could see a cyan ugly thing (weak-willed).

Vanquished Creatures
  A boulder beetle (D:9)
  11 yaks (D:8)
  An acid dragon (D:9)
  3 ice beasts
  2 sky beasts
  An ogre (D:5)
  3 black bears
  An orc warrior (D:5)
  A phantom (D:4)
  4 centaurs
  4 bullfrogs
  2 scorpions (D:6)
  4 wights (D:7)
  3 howler monkeys
  2 jellies
  6 orc priests
  2 hounds
  4 iguanas
  4 sleepcaps
  14 orc wizards
  11 gnolls
  8 adders
  A white imp (D:6)
  A worm (D:3)
  4 dart slugs
  29 orcs
  7 ball pythons
  9 endoplasms
  4 giant cockroaches
  3 goblins
  6 hobgoblins
  12 jackals
  A quokka (D:3)
  5 bats
  A frilled lizard (D:1)
  9 kobolds
  5 rats
189 creatures vanquished.

Vanquished Creatures (collateral kills)
  A gnoll (D:3)
1 creature vanquished.

Grand Total: 190 creatures vanquished

Notes
Turn   | Place    | Note
-------+----------+-------------------------------------------
     0 | D:1      | dr0g0th the Minotaur Fighter began the quest for the Orb.
     0 | D:1      | Reached XP level 1. HP: 19/19 MP: 0/0
    46 | D:1      | Reached XP level 2. HP: 22/27 MP: 1/1
   383 | D:1      | Reached XP level 3. HP: 33/33 MP: 2/2
   690 | D:2      | Reached skill level 3 in Long Blades
   695 | D:2      | Reached XP level 4. HP: 16/41 MP: 3/3
  1071 | D:2      | Found a hazy altar of Hepliaklqana.
  1354 | D:2      | Identified a scroll of acquirement
  1354 | D:2      | Acquired a manual of Dodging
  1449 | D:2      | Found a faded altar of an unknown god.
  1743 | D:3      | Reached XP level 5. HP: 21/47 MP: 4/4
  1902 | D:3      | Reached skill level 5 in Armour
  1974 | D:3      | Found an ancient bone altar of Kikubaaqudgha.
  2077 | D:3      | Reached skill level 4 in Long Blades
  2366 | D:4      | Found Qepecsut's Weapon Shoppe.
  2368 | D:5      | Entered Level 5 of the Dungeon
  2433 | D:4      | Reached skill level 1 in Dodging
  2470 | D:4      | Found an ornate altar of the Wu Jian Council.
  2481 | D:4      | Reached XP level 6. HP: 53/53 MP: 5/5
  2620 | D:4      | Reached skill level 5 in Long Blades
  2699 | D:4      | Found Aboall's Book Shop.
  2776 | D:4      | Found Wuijilat's Jewellery Shoppe.
  2886 | D:4      | Reached skill level 5 in Fighting
  3015 | D:4      | Found Wicyhi's Weapon Boutique.
  3094 | D:4      | Reached XP level 7. HP: 61/61 MP: 6/6
  3425 | D:5      | Found a staircase to the Ecumenical Temple.
  3553 | D:5      | Reached skill level 6 in Long Blades
  3556 | Temple   | Entered the Ecumenical Temple
  3992 | D:5      | Reached skill level 5 in Shields
  4280 | D:5      | Reached XP level 8. HP: 70/70 MP: 7/7
  4281 | D:5      | Found Sumeh's Book Boutique.
  4481 | D:6      | Reached skill level 7 in Long Blades
  4603 | D:6      | Gained mutation: Your body sometimes deteriorates upon
                  | taking damage. [potion of mutation]
  4603 | D:6      | Gained mutation: You are agile. (Dex +4, Str/Int -1)
                  | [potion of mutation]
  4742 | D:6      | Found a basalt altar of Yredelemnul.
  4742 | D:6      | Found a sacrificial altar of Ru.
  4987 | D:6      | Found an iron altar of Okawaru.
  4996 | D:6      | Became a worshipper of Warmaster Okawaru
  5042 | D:6      | Reached skill level 8 in Long Blades
  5233 | D:6      | Found a white marble altar of Elyvilon.
  5234 | D:6      | Found a glowing golden altar of the Shining One.
  5234 | D:6      | Found a glowing silver altar of Zin.
  5652 | D:7      | Reached skill level 5 in Dodging
  5681 | D:7      | Identified the +0 helmet "Kif Xeo" {rF- rN++ rCorr SInv}
  5736 | D:7      | Reached * piety under Okawaru
  5958 | D:7      | Reached skill level 9 in Long Blades
  5958 | D:7      | Reached XP level 9. HP: 56/76 MP: 8/8
  6156 | D:7      | Found a snail-covered altar of Cheibriados.
  6859 | D:8      | Reached ** piety under Okawaru
  6875 | D:8      | Reached skill level 10 in Long Blades
  6875 | D:8      | Reached skill level 1 in Stealth
  7619 | D:8      | Reached *** piety under Okawaru
  7620 | D:8      | Reached skill level 11 in Long Blades
  7628 | D:8      | Reached XP level 10. HP: 57/88 MP: 9/9
  8016 | D:8      | Found a staircase to the Lair.
  8426 | D:9      | Found a hide-covered altar of Uskayaw.
  8734 | D:9      | Found a radiant altar of Vehumet.
  8734 | D:9      | Noticed a boulder beetle
  8745 | D:9      | Noticed a cyan ugly thing
  8750 | D:9      | Killed a boulder beetle
  8751 | D:9      | Reached skill level 12 in Long Blades
  8766 | D:9      | Slain by a cyan ugly thing

Illustrated notes

Levels and vault maps discovered:
D:1:      lemuel_arrival_broad_hall, layout_basic
D:2:      layout_basic, basic_altar, shapermc_ecumenical_altar_pompeii
D:3:      layout_rooms, nicolae_kikubaaqudgha_miasma_corner, dk_noncrumbling_2
D:4:      kb_forest_paths, layout_rooms, mainiacjoe_overflow_boulevard,
          serial_shops, nicolae_shop_gibbet_a_chance, shop, shop,
          nicolae_take_the_stairs
D:5:      cheibrodos_iron_armory, layout_layer_cave, minmay_temple_entry_tees,
          serial_shops, nicolae_shop_trees
D:6:      layout_loops_ring, good_gods_mini_temple, okawaru_trees_2,
          chequers_temple_overflow_statue_of_worship, corexii_leaking_fountain,
          wad_floor_pattern_1
D:7:      layout_cave_pods, mainiacjoe_overflow_surrounded_room, minivault_25
D:8:      layout_layer_cave, lair_entry_dummy
D:9:      minmay_tri_box, layout_gridville, nicolae_uskayaw_dance_hall,
          minmay_ruined_shrine, uniq_maggie
Temple:   compressed_dpeg_circular_temple

Skill      XL: |  1  2  3  4  5  6  7  8  9 10 |
---------------+-------------------------------+-----
Armour         | 4 5 6 7 9 |  9.8
Fighting       | 4 5 6 7 8 |  8.3
Shields        | 4 5 6 |  6.9
Long Blades    | 3 4 5 6 9 11 12 | 12.0
Dodging        | 1 2 3 5 6 7 |  7.0
Stealth        | 1 |  1.4

Action                     |  1- 3 |  4- 6 |  7- 9 | 10-12 || total
---------------------------+-------+-------+-------+-------++-------
  Melee: Long sword        |    77 |   145 |   283 |    60 ||   565
         Headbutt          |    14 |    24 |    60 |    12 ||   110
 Invoke: Heroism           |       |       |       |     1 ||     1
    Use: Potion            |     1 |     1 |     5 |     2 ||     9
         Scroll            |       |     8 |     2 |     1 ||    11
 Armour: Scale mail        |    33 |    84 |   123 |    20 ||   260
         Skin              |       |       |    74 |       ||    74
         Acid dragon scale |       |       |       |     1 ||     1
  Dodge: Dodged            |    40 |    92 |   134 |    40 ||   306
  Block: Buckler           |    16 |    43 |    47 |    15 ||   121

Table legend: (Time is in decaauts)
 A = Elapsed time spent in this place.
 B = Non-inter-level travel time spent in this place.
 C = Inter-level travel time spent in this place.
 D = Time resting spent in this place.
 E = Time spent auto-exploring this place.
 F = Levels seen in this place.
 G = Mean time per level.
                   A        B        C        D        E       F      G
               +--------+--------+--------+--------+--------+-----+--------+
         Total |   8832 |   8617 |    215 |    983 |   6205 |  10 |  883.2 |
       Dungeon |   8775 |   8578 |    197 |    983 |   6205 |   9 |  975.0 |
        Temple |     57 |     39 |     18 |      0 |      0 |   1 |   57.0 |
               +--------+--------+--------+--------+--------+-----+--------+

Top non-repeatable levels by time:
     D:8: 1532 daAuts
     D:7: 1274 daAuts
     D:5: 1109 daAuts
     D:2: 1083 daAuts
     D:6: 1042 daAuts
     D:4: 980 daAuts
     D:3: 679 daAuts
     D:1: 645 daAuts
     D:9: 427 daAuts
  Temple: 57 daAuts
